 Dungeon Crawl Stone Soup version 0.20.1-1-g8b1a95d (webtiles) character file.

364 homeworkjunkie the Chopper (level 6, -9/53 HPs)
             Began as a Hill Orc Fighter on Dec 17, 2017.
             Mangled by hilaritas's ghost (12 damage)
             ... on level 4 of the Dungeon.
             The game lasted 00:05:30 (2252 turns).

homeworkjunkie the Chopper (Hill Orc Fighter)       Turns: 2252, Time: 00:05:31

Health: -9/53      AC: 10    Str: 20    XL:     6   Next: 67%
Magic:  6/6        EV:  7    Int:  8    God:
Gold:   125        SH:  9    Dex: 11    Spells: 5/5 levels left

rFire    . . .     SeeInvis .   a - +0 war axe
rCold    . . .     Gourm    .   c - +0 shield
rNeg     . . .     Faith    .   b - +0 scale mail
rPois    .         Spirit   .   d - +2 helmet
rElec    .         Reflect  .   (no cloak)
rCorr    .         Harm     .   (no gloves)
MR       .....                  (no boots)
Stlth    ..........             (no amulet)
Regen    0.2/turn               (no ring)
MPRegen  0.1/turn               (no ring)

@: very slightly contaminated, invisible
A: no striking features
a: no special abilities


You were on level 4 of the Dungeon.
You were not hungry.

You visited 1 branch of the dungeon, and saw 4 of its levels.

You collected 125 gold pieces.

Inventory:

Hand Weapons
 a - a +0 war axe (weapon)
Armour
 b - a +0 scale mail (worn)
 c - a +0 shield (worn)
 d - a +2 helmet (worn)
Wands
 p - a wand of acid (7/15)
Scrolls
 e - 2 scrolls of recharging
 g - a scroll of identify
 s - a scroll of remove curse
 t - a scroll of teleportation
Potions
 h - a potion of mutation
 u - a potion of flight
Comestibles
 f - 4 bread rations


   Skills:
 * Level 4.7 Fighting
 * Level 6.2 Axes
 * Level 4.3 Armour
 + Level 0.4 Dodging
 * Level 4.7 Shields


You had 5 spell levels left.
You didn't know any spells.

Dungeon Overview and Level Annotations

Branches:
Dungeon (4/15)
 Temple: D:4-7

Altars:
Dithmenos

Annotations:
D:3 Nr616's ghost, amateur DEFE
D:4 hilaritas's ghost, novice FoFi


Message History

You block hilaritas's ghost's attack.
Hilaritas's ghost completely misses you.
You miss hilaritas's ghost.
Hilaritas's ghost is moderately damaged.
Hilaritas's ghost hits you!
* * * LOW HITPOINT WARNING * * *
You slash hilaritas's ghost!
Hilaritas's ghost is heavily damaged.
Hilaritas's ghost hits you but does no damage.
You hit hilaritas's ghost but do no damage.
Hilaritas's ghost is heavily damaged.
Hilaritas's ghost hits you!
* * * LOW HITPOINT WARNING * * *
Your shield and scale mail prevent you from hitting hilaritas's ghost.
Hilaritas's ghost is heavily damaged.
Hilaritas's ghost closely misses you. You block hilaritas's ghost's attack.
Your scale mail prevents you from hitting hilaritas's ghost.
Hilaritas's ghost is heavily damaged.
Hilaritas's ghost hits you!
You die...

#. #.# #>#
... #.# #.#
#$# #.# ###.#
#.# ...# #.#
# #.###.##..#
#..@W.....#
#.###........
#.# ####.##.#
#.# # #.#
#.#########
#.........#
#########.#
#.#


You could see hilaritas's ghost.

Vanquished Creatures
  Sigmund (D:3)
  Jessica (D:3)
  A bullfrog skeleton (D:4)
  A worker ant (D:4)
  Robin (D:3)
  3 adders (D:2)
  2 worms (D:2)
  4 dart slugs
  5 orcs (D:3)
  4 giant cockroaches
  8 hobgoblins
  9 jackals
  8 kobolds
  A quokka (D:2)
  A ball python (D:2)
  3 bats
  3 frilled lizards (D:2)
  12 goblins
  A jackal skeleton (D:4)
  9 rats
78 creatures vanquished.

Notes
Turn   | Place    | Note
-------+----------+-------------------------------------------
     0 | D:1      | homeworkjunkie the Hill Orc Fighter began the quest for the Orb.
     0 | D:1      | Reached XP level 1. HP: 19/19 MP: 1/1
    47 | D:1      | Reached skill level 3 in Axes
    47 | D:1      | Reached XP level 2. HP: 26/27 MP: 2/2
   223 | D:2      | Reached XP level 3. HP: 21/33 MP: 3/3
   374 | D:2      | Found a faded altar of an unknown god.
   439 | D:3      | Noticed Robin
   458 | D:3      | Killed Robin
   458 | D:3      | Reached skill level 4 in Axes
   458 | D:3      | Reached XP level 4. HP: 29/40 MP: 4/4
   520 | D:3      | Noticed Jessica
   523 | D:3      | Killed Jessica
   547 | D:3      | Noticed Nr616's ghost (amateur DEFE)
   693 | D:3      | Noticed Sigmund
   727 | D:2      | Reached XP level 5. HP: 37/47 MP: 5/5
  1833 | D:3      | Killed Sigmund
  1833 | D:3      | Reached skill level 5 in Axes
  1833 | D:3      | Reached XP level 6. HP: 25/53 MP: 6/6
  2174 | D:4      | Found a shadowy altar of Dithmenos.
  2192 | D:4      | Reached skill level 6 in Axes
  2231 | D:4      | Noticed hilaritas's ghost (novice FoFi)
  2252 | D:4      | Mangled by hilaritas's ghost

Skill      XL: |  1  2  3  4  5  6 |
---------------+-------------------+-----
Axes           | 3 4 5 6 |  6.2
Fighting       | 4 |  4.7
Shields        | 4 |  4.7
Armour         | 4 |  4.3
Dodging        | |  0.4

Action                   |  1- 3 |  4- 6 || total
-------------------------+-------+-------++-------
Melee: War axe           |    89 |   137 ||   226
  Use: Scroll            |     4 |     6 ||    10
       Potion            |     1 |     7 ||     8
  Eat: Fruit             |     5 |     2 ||     7
       Royal jelly       |       |     1 ||     1
Armor: Scale mail        |    40 |    52 ||    92
Dodge: Dodged            |    45 |    24 ||    69
Block: Shield            |    63 |    69 ||   132
